 Dungeon Crawl Stone Soup version 0.31-a0-664-g902f515a81 (webtiles) character file.

Game seed: 3612215555318273607

66 RepHenryClay the Covert (level 4, -5/41 HPs)
             Began as a Gnoll Delver on Sept 3, 2023.
             Splashed by a jelly's acid (7 damage)
             ... on level 5 of the Dungeon.
             The game lasted 00:00:43 (147 turns).

RepHenryClay the Covert (Gnoll Delver)               Turns: 147, Time: 00:00:44

Health: -5/41      AC: -2    Str: 11    XL:     4   Next: 15%
Magic:  5/5        EV: 12    Int: 10    God:
Gold:   0          SH:  0    Dex: 15    Spells: 5/5 levels left

rFire   . . .        a - +0 mace
rCold   . . .        (no shield)
rNeg    . . .        h - +0 ring mail
rPois   .            (no helmet)
rElec   .            (no cloak)
rCorr   .            (no gloves)
SInv    .            (no boots)
Will    .....        (no amulet)
Stlth   ++++         (no ring)
HPRegen 0.26/turn    (no ring)
MPRegen 0.09/turn

%: no passive effects
@: corroded, hasted, very quick
A: fangs 1, strong nose, distributed training
a: no special abilities


You were on level 5 of the Dungeon.
You visited 1 branch of the dungeon, and saw 1 of its levels.

Inventory:

Hand Weapons
 a - a +0 mace (weapon)
Armour
 b - a +0 leather armour
 h - a +0 ring mail (worn)
Wands
 g - a wand of digging (3)
Scrolls
 c - a scroll of fog
 d - a scroll of revelation
 e - a scroll of fear


   Skills:
 + Level 6.6 Fighting
 + Level 1.0 Short Blades
 + Level 1.0 Long Blades
 + Level 1.0 Axes
 + Level 4.6 Maces & Flails
 + Level 1.0 Polearms
 + Level 1.0 Staves
 + Level 1.0 Ranged Weapons
 + Level 1.0 Throwing
 + Level 1.0 Armour
 + Level 4.6 Dodging
 + Level 9.6 Stealth
 + Level 1.0 Shields
 + Level 1.0 Unarmed Combat
 + Level 1.0 Spellcasting
 + Level 0.8 Conjurations
 + Level 0.8 Hexes
 + Level 0.8 Summonings
 + Level 0.8 Necromancy
 + Level 0.8 Translocations
 + Level 0.8 Transmutations
 + Level 0.8 Fire Magic
 + Level 0.8 Ice Magic
 + Level 0.8 Air Magic
 + Level 0.8 Earth Magic
 + Level 0.8 Poison Magic
 + Level 1.1 Invocations
 + Level 1.0 Evocations
 + Level 1.0 Shapeshifting


You had 5 spell levels left.
You didn't know any spells.
Your spell library was empty.

Dungeon Overview and Level Annotations

Branches:
Dungeon (5/15)
 Temple: D:4-7

Altars:
Sif Muna

Shops:
D:5 *


Innate Abilities, Weirdness & Mutations

You have very sharp teeth.
Your uncanny sense of smell can sniff out nearby items.
Your experience applies equally to all skills.


Message History

Your Unarmed Combat skill increases to level 1!
Your Spellcasting skill increases to level 1!
Your Evocations skill increases to level 1!
Your Shapeshifting skill increases to level 1!
You have reached level 4!
You feel clever.
A jelly and a white imp come into view.
You see here a hound corpse.
Found 4 stones.
Found Xiwnoergh's Mayhem Merchandise.
Found a trident.
The helpless jelly fails to defend itself.
You sock the jelly! The acid corrodes you!
Your hands burn!
The jelly is heavily wounded.
The jelly barely misses you.
Damage: -7%(-3hp) hp: 93%(38hp)
The white imp shouts, "Slither hence, thou worthless doghearted efter!"
You hit the jelly but do no damage.
Your hands burn!
You bite the jelly.
The jelly is heavily wounded.
You hear a shout!
The jelly hits you. The acid corrodes you!
You are splashed with acid!
The jelly hits you. The acid corrodes you!
You are splashed with acid!
Huge Dmg: -51%(-21hp) hp: 42%(17hp)
You hit the jelly but do no damage.
Your hands burn!
* * * LOW HITPOINT WARNING * * *
The jelly is heavily wounded.
The jelly hits you.
* * * LOW HITPOINT WARNING * * *
You are splashed with acid.
* * * LOW HITPOINT WARNING * * *
The white imp lashes its tail.
The white imp closely misses you.
Huge Dmg: -34%(-14hp) hp: 8%(3hp) Welcome back, RepHenryClay the Gnoll Delver.
Press ? for a list of commands and other information.
Okay, then.
You feel yourself speed up. The jelly hits you.
* * * LOW HITPOINT WARNING * * *
You are splashed with acid!
You die...

......... .........)....
......... ...............
......... ................
......... #.......∩........
......... #......(.........
......... #................
......... #.....#.#J5......
........ #)....._.@.......
....... #.....#.#........
...$.. #................
....... #.................
........
#...........^..............
#..........................
#....†.....................
#..........................
#..........................


You could see a jelly and a white imp.

Vanquished Creatures
  2 hounds (D:5)
  An ufetubus (D:5)
3 creatures vanquished.

Notes
Turn   | Place    | Note
-------+----------+-------------------------------------------
     0 | D:5      | Reached skill level 9 in Stealth
     0 | D:5      | RepHenryClay the Gnoll Delver began the quest for the Orb.
     0 | D:5      | Reached XP level 1. HP: 23/23 MP: 1/1
     9 | D:5      | Noticed a scorpion
    27 | D:5      | Noticed a hound
    48 | D:5      | Killed a hound
    49 | D:5      | Reached skill level 1 in Invocations
    49 | D:5      | Reached XP level 2. HP: 18/29 MP: 1/3
    49 | D:5      | Reached XP level 3. HP: 22/35 MP: 1/4
   132 | D:5      | Found a shimmering blue altar of Sif Muna.
   137 | D:5      | Reached skill level 1 in Short Blades
   137 | D:5      | Reached skill level 1 in Long Blades
   137 | D:5      | Reached skill level 1 in Axes
   137 | D:5      | Reached skill level 1 in Polearms
   137 | D:5      | Reached skill level 1 in Staves
   137 | D:5      | Reached skill level 1 in Ranged Weapons
   137 | D:5      | Reached skill level 1 in Throwing
   137 | D:5      | Reached skill level 1 in Armour
   137 | D:5      | Reached skill level 1 in Shields
   137 | D:5      | Reached skill level 1 in Unarmed Combat
   137 | D:5      | Reached skill level 1 in Spellcasting
   137 | D:5      | Reached skill level 1 in Evocations
   137 | D:5      | Reached skill level 1 in Shapeshifting
   137 | D:5      | Reached XP level 4. HP: 41/41 MP: 5/5
   140 | D:5      | Found Xiwnoergh's Mayhem Merchandise.
   147 | D:5      | HP: 2/41 [jelly (1)]
   147 | D:5      | Splashed by a jelly's acid

Illustrated notes

Levels and vault maps discovered:
D:5:      layout_basic, lemuel_crystal_altar, minmay_shop_mayhem,
          hellmonk_no_cap

Skill      XL: |  1  2  3 |
---------------+----------+-----
Stealth        | |  9.6
Invocations    | 1 |  1.1
Short Blades   | 1 |  1.0
Long Blades    | 1 |  1.0
Axes           | 1 |  1.0
Polearms       | 1 |  1.0
Staves         | 1 |  1.0
Ranged Weapons | 1 |  1.0
Throwing       | 1 |  1.0
Armour         | 1 |  1.0
Shields        | 1 |  1.0
Unarmed Combat | 1 |  1.0
Spellcasting   | 1 |  1.0
Evocations     | 1 |  1.0
Shapeshifting  | 1 |  1.0
Fighting       | |  6.6
Maces & Flails | |  4.6
Dodging        | |  4.6
Conjurations   | |  0.8
Hexes          | |  0.8
Summonings     | |  0.8
Necromancy     | |  0.8
Translocations | |  0.8
Transmutations | |  0.8
Fire Magic     | |  0.8
Ice Magic      | |  0.8
Air Magic      | |  0.8
Earth Magic    | |  0.8
Poison Magic   | |  0.8

Action                     |  1- 3 |  4- 6 || total
---------------------------+-------+-------++-------
  Melee: Mace              |    19 |     3 ||    22
         Bite              |     2 |     1 ||     3
    Use: Potion            |       |     1 ||     1
   Stab: Sleeping          |     1 |     1 ||     2
 Armour: Ring mail         |    12 |     4 ||    16
         Leather armour    |     1 |       ||     1
  Dodge: Dodged            |    16 |     2 ||    18

Table legend: (Time is in decaauts)
 A = Elapsed time spent in this place.
 B = Non-inter-level travel time spent in this place.
 C = Inter-level travel time spent in this place.
 D = Time resting spent in this place.
 E = Time spent auto-exploring this place.
 F = Levels seen in this place.
 G = Mean time per level.
                   A        B        C        D        E       F      G
               +--------+--------+--------+--------+--------+-----+--------+
         Total |    150 |    150 |      0 |     33 |      0 |   1 |  150.0 |
       Dungeon |    150 |    150 |      0 |     33 |      0 |   1 |  150.0 |
               +--------+--------+--------+--------+--------+-----+--------+

Top non-repeatable levels by time:
     D:5: 150 daAuts
